 Dungeon Crawl Stone Soup version 0.27-a0-1325-g58a489ad9e (webtiles) character file.

Game seed: 9150890589116771093

5 Nattfarinn the Digger (level 1, 0/11 HPs)
             Began as a Gargoyle Earth Elementalist on June 24, 2021.
             Slain by a quokka (4 damage)
             ... on level 1 of the Dungeon.
             The game lasted 00:00:53 (443 turns).

Nattfarinn the Digger (Gargoyle Earth Elementalist)  Turns: 443, Time: 00:00:54

Health: 0/11       AC:  4    Str: 11    XL:     1   Next: 80%
Magic:  1/3        EV: 11    Int: 15    God:
Gold:   0          SH:  0    Dex: 10    Spells: 3/4 levels left

rFire    . . .     SeeInvis .   (no weapon)
rCold    . . .     Faith    .   (no shield)
rNeg     + . .     Spirit   .   b - +0 robe
rPois    ∞         Reflect  .   (no helmet)
rElec    +         Harm     .   (no cloak)
rCorr    .         Rampage  .   (no gloves)
Will     .....                  (no boots)
Stlth    ++........             (no amulet)
HPRegen  0.03/turn              (no ring)
MPRegen  0.08/turn              (no ring)

@: very slightly contaminated
A: sickness immunity, AC +2, negative energy resistance 1, electricity
resistance, torment resistance 1, petrification resistance
a: no special abilities


You were on level 1 of the Dungeon.
You visited 1 branch of the dungeon, and saw 1 of its levels.

Inventory:

Missiles
 c - 26 stones
Armour
 b - a +0 robe (worn)
Scrolls
 a - a scroll of magic mapping {unknown}
Potions
 d - a potion of magic {unknown}


   Skills:
 + Level 0.4 Fighting
 * Level 0.9 Armour
 - Level 1.5 Dodging
 - Level 2.1 Stealth
 + Level 2.1 Spellcasting
 - Level 0.7 Transmutations
 - Level 3.6 Earth Magic


You had 3 spell levels left.
You knew the following spells:

 Your Spells              Type           Power      Damage    Failure   Level
a - Sandblast             Erth           24%        2d8       4%          1

Your spell library contained the following spells:

 Spells                   Type           Power      Damage    Failure   Level
 Passwall                 Tmut/Erth      6%         N/A       14%         2
 Stone Arrow              Conj/Erth      14%        3d7       30%         3
 Petrify                  Tmut/Erth      8%         N/A       65%         4
 Lee's Rapid Deconstruct  Erth           6%         3d7*      80%         5


Dungeon Overview and Level Annotations

Branches:
Dungeon (1/15)

Altars:


Innate Abilities, Weirdness & Mutations

You are immune to sickness and miasma.
Your stone body is resilient. (AC +2)
You are immune to poison.
You resist negative energy. (rN+)
You are resistant to electric shocks. (rElec)
You are resistant to unholy torment.
You are immune to petrification.


Message History

You closely miss the quokka.
The quokka is heavily wounded.
The quokka closely misses you.
You closely miss the quokka.
The quokka is heavily wounded.
The quokka bites you but does no damage.
The rat bites you but does no damage.
You closely miss the quokka.
The quokka is heavily wounded.
The quokka closely misses you. The rat barely misses you.
The quokka completely misses you.
You closely miss the quokka.
The quokka is heavily wounded.
The rat bites you but does no damage. The quokka bites you.
You closely miss the quokka.
The quokka is heavily wounded.
The rat closely misses you. The quokka closely misses you.
You miss the quokka.
The quokka is heavily wounded.
The frilled lizard bites you. The quokka bites you.
The rat bites you but does no damage.
You are too injured to fight recklessly!
Unknown command.
Casting: Sandblast (safe; 4% risk of failure)
Confirm with . or Enter, or press ? or * to list all spells.
Aiming: Sandblast (safe; 4% risk of failure)
Press: ? - help, Shift-Dir - straight line, f - frilled lizard
Aim: a frilled lizard (66% to hit)
The blast of sand hits the frilled lizard!
You kill the frilled lizard!
The quokka misses you. The rat barely misses you.
Casting: Sandblast (safe; 4% risk of failure)
Confirm with . or Enter, or press ? or * to list all spells.
Aiming: Sandblast (safe; 4% risk of failure)
Press: ? - help, Shift-Dir - straight line, f - quokka
Aim: a quokka (heavily wounded, 71% to hit)
You miscast Sandblast.
You are very lightly contaminated with residual magic.
Nothing appears to happen.
The quokka bites you.
You die...

.##...........#.#..#
.............#.#..#
#>.#..............
.##..##.............
........###...#.#.#
.....#..###...#.# #
.................
.##..............
....$....@†.###.#
.##......rr.#
#..#..#......
#..#..#...##..#
#..#..#...# .# #
#......# # .. .....
.. ......


You could see a quokka and a rat.

Vanquished Creatures
  A bat (D:1)
  A bat zombie (D:1)
  A hobgoblin (D:1)
  A frilled lizard (D:1)
  A quokka zombie (D:1)
5 creatures vanquished.

Notes
Turn   | Place    | Note
-------+----------+-------------------------------------------
     0 | D:1      | Nattfarinn the Gargoyle Earth Elementalist began the quest
                  | for the Orb.
     0 | D:1      | Reached XP level 1. HP: 10/10 MP: 3/3
   443 | D:1      | Slain by a quokka

Illustrated notes

Levels and vault maps discovered:
D:1:      saegor_arrival_fortress, layout_basic, minmay_shallow_snake_nest

Action                   || total
-------------------------++-------
Melee: Unarmed           ||    23
 Cast: Sandblast         ||     4
Armor: Robe              ||    15
Dodge: Dodged            ||    22

Table legend: (Time is in decaauts)
 A = Elapsed time spent in this place.
 B = Non-inter-level travel time spent in this place.
 C = Inter-level travel time spent in this place.
 D = Time resting spent in this place.
 E = Time spent auto-exploring this place.
 F = Levels seen in this place.
 G = Mean time per level.
                   A        B        C        D        E       F      G
               +--------+--------+--------+--------+--------+-----+--------+
         Total |    443 |    443 |      0 |    152 |    239 |   1 |  443.0 |
       Dungeon |    443 |    443 |      0 |    152 |    239 |   1 |  443.0 |
               +--------+--------+--------+--------+--------+-----+--------+

Top non-repeatable levels by time:
     D:1: 443 daAuts
